 Dungeon Crawl Stone Soup version 0.25.0-26-g0c896c7088 (webtiles) character file.

Game seed: 945356915594365480

87 MisterFreud the Digger (level 4, -1/38 HPs)
             Began as a Ghoul Earth Elementalist on July 1, 2020.
             Slain by a gnoll sergeant
             ... wielding a +4 spear of flaming
              (13 damage)
             ... on level 3 of the Dungeon.
             The game lasted 00:04:24 (2990 turns).

MisterFreud the Digger (Ghoul Earth Elementalist)   Turns: 2990, Time: 00:04:25

Health: -1/38      AC:  3    Str: 11    XL:     4   Next: 51%
Magic:  6/6        EV: 12    Int: 11    God:
Gold:   74         SH:  0    Dex:  9    Spells: 4/7 levels left

rFire    . . .     SeeInvis .   j - +0 dagger (venom)
rCold    + . .     Gourm    .   (no shield)
rNeg     + + +     Faith    .   c - +0 robe
rPois    ∞         Spirit   .   (no helmet)
rElec    .         Reflect  .   (no cloak)
rCorr    .         Harm     .   g - +0 pair of gloves
MR       .....                  (no boots)
Stlth    ++........             (no amulet)
HPRegen  0.00/turn              (no ring)
MPRegen  0.10/turn              (no ring)

@: rotting
A: rotting body, claws 1, carnivore, cold resistance 1, negative energy
resistance 3, inhibited regeneration, torment resistance, unbreathing
a: no special abilities


You were on level 3 of the Dungeon.
You were not hungry.

You visited 1 branch of the dungeon, and saw 3 of its levels.

You collected 74 gold pieces.

Inventory:

Hand Weapons
 f - a +0 dagger
 j - a +0 dagger of venom (weapon)
Missiles
 a - 5 boomerangs
 b - 57 stones (quivered)
Armour
 c - a +0 robe (worn)
 g - a +0 pair of gloves (worn)
Scrolls
 e - 2 scrolls of magic mapping {unknown}
 h - a scroll of fog {unknown}
 k - 2 scrolls of teleportation {unknown}
 l - a scroll of random uselessness {unknown}
 n - 2 scrolls of identify {unknown}
 o - a scroll of amnesia {unknown}
 p - a scroll of blinking {unknown}
 r - a scroll of remove curse {unknown}
Potions
 i - 2 potions of heal wounds {unknown}
 q - a potion of ambrosia {unknown}
Comestibles
 d - 4 rations
 m - 2 chunks of flesh


   Skills:
 - Level 3.0 Fighting
 - Level 1.9 Dodging
 - Level 2.1 Stealth
 + Level 2.3 Spellcasting
 - Level 0.8 Transmutations
 - Level 4.0 Earth Magic


You had 4 spell levels left.
You knew the following spells:

 Your Spells              Type           Power        Failure   Level  Hunger
a - Sandblast             Erth           ##....       5%          1    ##.....
b - Passwall              Tmut/Erth      #.......     16%         2    ###....

Your spell library contained the following spells:

 Spells                   Type           Power        Failure   Level  Hunger
 Stone Arrow              Conj/Erth      #.....       36%         3    ####...
 Petrify                  Tmut/Erth      #.......     71%         4    #####..
 Lee's Rapid Deconstruct  Erth           ##........   83%         5    ######.


Dungeon Overview and Level Annotations

Branches:
Dungeon (3/15)

Altars:
Elyvilon
Zin


Innate Abilities, Weirdness & Mutations

Your body is rotting away.
You thrive on raw meat.
You are immune to poison.
You have sharp fingernails.
You are carnivorous and can eat meat at any time.
Your flesh is cold resistant. (rC+)
You are immune to negative energy. (rN+++)
You do not regenerate when monsters are visible.
You are immune to unholy pain and torment.
You can survive without breathing.


Message History

The worm is moderately wounded.
You hit the worm.
The worm looks as sick as possible!
The worm is heavily wounded.
The worm bites you.
You barely miss the worm.
The worm is heavily wounded.
A gnoll comes into view. It is wielding a +0 whip.
The gnoll sergeant hits you from afar with a +4 spear of flaming.
The gnoll sergeant burns you.
The gnoll sergeant hits you from afar with a +4 spear of flaming.
The gnoll sergeant burns you.
The gnoll sergeant hits you from afar with a +4 spear of flaming.
The gnoll sergeant burns you.
The gnoll sergeant hits you with a +4 spear of flaming!
The gnoll sergeant burns you. The gnoll hits you but does no damage.
The gnoll shouts!
You hit the gnoll sergeant but do no damage.
The gnoll sergeant is poisoned.
The gnoll sergeant hits you with a +4 spear of flaming!
You die...

#.# #.# ##...#### #######.####
##.## #........
.......<...###...##
........##.#########.##.....##
........... #.........#
..........# ####÷.....#
..<.$.....# ##########...#.#
##<.......#####.>.........##.#
.........wggg@..############.#
###.....g?####### #.#
#.......# #.# #...>g..# #.#
####.#### #.# #. #.# #. #.. .g


You could see a gnoll sergeant (poisoned), a worm (very poisoned) and 3 gnolls.

Vanquished Creatures
  Jessica (D:2)
  An adder (D:2)
  A leopard gecko (D:1)
  2 bats
  5 giant cockroaches
  2 goblins
  4 hobgoblins
  10 jackals
  2 quokkas (D:2)
  4 frilled lizards
  8 kobolds
  6 rats
46 creatures vanquished.

Notes
Turn   | Place    | Note
-------+----------+-------------------------------------------
     0 | D:1      | MisterFreud the Ghoul Earth Elementalist began the quest
                  | for the Orb.
     0 | D:1      | Reached XP level 1. HP: 14/14 MP: 2/2
   225 | D:1      | Reached skill level 1 in Fighting
   231 | D:1      | Reached XP level 2. HP: 10/22 MP: 0/3
  1077 | D:1      | Reached XP level 3. HP: 14/30 MP: 1/4
  1350 | D:2      | Learned a level 2 spell: Passwall
  2116 | D:2      | Noticed Jessica
  2141 | D:2      | Killed Jessica
  2141 | D:2      | Reached skill level 4 in Earth Magic
  2141 | D:2      | Reached XP level 4. HP: 13/38 MP: 1/6
  2406 | D:2      | Found a white marble altar of Elyvilon.
  2476 | D:2      | Found a faded altar of an unknown god.
  2684 | D:2      | Found a glowing silver altar of Zin.
  2974 | D:3      | Noticed a gnoll sergeant
  2990 | D:3      | Slain by a gnoll sergeant

Illustrated notes

Levels and vault maps discovered:
D:1:      minmay_arrival_jagged, layout_rooms, minivault_25
D:2:      layout_loops_ring, elyvilon_altar_5, marbit_many_paths, first_ration,
          chequers_ecumenical_altar_island, uniq_jessica
D:3:      layout_loops_ring, grunt_qazlal_sundering, portal_sewer_entry_a

Skill      XL: |  1  2  3 |
---------------+----------+-----
Fighting       | 1 2 3 |  3.0
Earth Magic    | 4 |  4.0
Spellcasting   | 2 |  2.3
Dodging        | |  1.9
Stealth        | |  2.1
Transmutations | |  0.8

Action                   |  1- 3 |  4- 6 || total
-------------------------+-------+-------++-------
Melee: Dagger            |   162 |    43 ||   205
       Unarmed           |     9 |       ||     9
 Cast: Sandblast         |    21 |     1 ||    22
 Stab: Sleeping          |     2 |     2 ||     4
  Eat: Chunk             |     5 |     6 ||    11
Armor: Robe              |    30 |    21 ||    51
Dodge: Dodged            |   127 |    23 ||   150
